 Dungeon Crawl Stone Soup version 0.25-a0-571-gb5e01bddfa (webtiles) character file.

Game seed: 16056500553883831049, levelgen mode: deterministic

6139 kae the Covert (level 10, -13/50 HPs)
             Began as a Vampire Enchanter on Feb 29, 2020.
             Was a Priest of Dithmenos.
             Killed from afar by an electric eel (14 damage)
             ... with a bolt of electricity
             ... on level 8 of the Dungeon.
             The game lasted 00:17:11 (9913 turns).

kae the Covert (Vampire Enchanter)                  Turns: 9913, Time: 00:17:11

Health: -13/50     AC: 14    Str: 10      XL:     10   Next: 59%
Magic:  18/20      EV: 13    Int: 15 (18) God:    Dithmenos [***...]
Gold:   477        SH:  0    Dex: 16 (17) Spells: 10/22 levels left

rFire    . . .     SeeInvis +   o - +2 dagger (venom)
rCold    + + .     Gourm    .   (no shield)
rNeg     + + +     Faith    .   b - +0 robe
rPois    ∞         Spirit   .   u - +1 helmet
rElec    .         Reflect  .   (no cloak)
rCorr    .         Harm     .   h - +1 pair of gloves
MR       +....                  B - +1 pair of boots
Stlth    +++++++++.             (no amulet)
HPRegen  0.00/turn              y - +6 ring of protection
MPRegen  0.17/turn              f - +2 ring of dexterity

@: flying, bloodless, wreathed by umbra
A: no food, fangs 3, see invisible, blink, deterioration 2, unbreathing
a: Bat Form, Revivify, Blink, Shadow Step, Renounce Religion


You were on level 8 of the Dungeon.
You worshipped Dithmenos.
Dithmenos was most pleased with you.
You were bloodless.

You visited 2 branches of the dungeon, and saw 9 of its levels.
You also visited: Bailey.

You collected 477 gold pieces.

Inventory:

Hand Weapons
 a - a +1 dagger
 g - a +0 spear
 o - a +2 dagger of venom (weapon)
Armour
 b - a +0 robe (worn)
 h - a +1 pair of gloves (worn)
 u - a +1 helmet (worn)
 B - a +1 pair of boots (worn)
Jewellery
 f - a +2 ring of dexterity (right hand)
 i - an uncursed ring of positive energy
 x - an uncursed ring of wizardry
 y - a +6 ring of protection (left hand)
 C - the amulet "Syel" {Reflect Str+3 SH+2, unknown}
   (You found it on level 8 of the Dungeon)

   [amulet of reflection]

   It shields you and reflects attacks.
   It affects your strength (+3).
   It affects your SH (+2).
Wands
 r - a wand of digging (4)
 w - a wand of clouds (5)
Scrolls
 j - a scroll of identify
 k - 4 scrolls of teleportation
 l - 2 scrolls of immolation
 p - a scroll of amnesia
 v - a scroll of brand weapon {unknown}
 z - a scroll of remove curse {unknown}
Potions
 c - a potion of mutation
 d - 3 potions of brilliance
 e - a potion of lignification
 m - a potion of cancellation
 n - 2 potions of haste
 q - a potion of resistance
 s - 2 potions of might
 A - a potion of curing {unknown}


   Skills:
 * Level 11.0 Short Blades
 - Level 2.1 Dodging
 + Level 11.7 Stealth
 + Level 6.9 Spellcasting
 + Level 11.1 Hexes


You had 10 spell levels left.
You knew the following spells:

 Your Spells              Type           Power        Failure   Level  Hunger
a - Corona                Hex            #####..      1%          1    N/A
b - Ensorcelled Hibernat  Hex/Ice        ###...       1%          2    N/A
c - Confusing Touch       Hex            #####...     1%          3    N/A
d - Tukima's Dance        Hex            #####...     1%          3    N/A
e - Dazzling Flash        Conj/Hex       ###...       4%          3    N/A

Your spell library contained the following spells:

 Spells                   Type           Power        Failure   Level  Hunger


Dungeon Overview and Level Annotations

Branches:
Dungeon (8/15)             Temple (1/1) D:4          Bailey (visited)
   Lair: D:8-11

Altars:
Cheibriados
Dithmenos
Elyvilon
Gozag
Hepliaklqana
Makhleb
Okawaru
Qazlal
Ru
Trog
Uskayaw
Xom

Shops:
D:5 [

Annotations:
D:8 1 transporter


Innate Abilities, Weirdness & Mutations

You do not eat.
You do not regenerate when monsters are visible.
You are frail without blood (-20% HP).
You can heal yourself when you bite living creatures.
You are immune to poison.
You have razor-sharp teeth.
You have supernaturally acute eyesight. (SInv)
You can survive without breathing.
You can translocate small distances at will.
Your body often deteriorates upon taking damage.


Message History

Your body deteriorates!
You feel dopey.
The electric eel shoots out a bolt of lightning at you!
The bolt of electricity hits you!
* * * LOW HITPOINT WARNING * * *
Your body deteriorates!
You feel clumsy.
The electric eel shoots out a bolt of lightning at you!
The bolt of electricity hits you but does no damage.
The electric eel shoots out a bolt of lightning at you!
The bolt of electricity hits you.
* * * LOW HITPOINT WARNING * * *
Your body deteriorates!
You feel dopey.
Okay, then.
Okay, then.
Okay, then.
It was a potion of flight.
You feel very buoyant.
You fly up into the air.
The electric eel shoots out a bolt of lightning at you!
The bolt of electricity hits you!
You die...

#.......###........≈≈≈≈.
#......©.......≈≈≈;≈..
#.....................
#.............≈≈≈≈≈≈≈.
##.....##.....≈≈≈≈≈≈..
##......#[[....;≈≈≈≈≈≈
#....†.....>.....≈.;≈≈
#.......#.....≈≈≈..;≈≈
#.......#.##@.≈......≈
##.....##...$.........
###...###.............
#....## #.......#.##.#
## #....#
#.......#.##.###..
#....# #.......#.##.#...
#....# #..÷÷.....##.#.#
#.<..####........# #...#
#............(..####...#


You could see 4 electric eels.

Vanquished Creatures
  Pikel (D:7)
  Joseph (D:8)
  A troll (D:8)
  A queen bee (D:7)
  A hippogriff (D:8)
  Eustachio (D:5)
  A hungry ghost (D:7)
  Menkaure (D:7)
  A water moccasin (D:3)
  A sky beast (D:8)
  3 ice beasts
  4 slaves (D:7)
  An orc warrior (Bailey)
  3 ogres (D:6)
  3 phantoms
  3 centaurs (D:7)
  A crocodile (D:8)
  4 wolves (D:8)
  5 bullfrogs
  A water moccasin zombie (D:7)
  A wyvern skeleton (D:7)
  17 killer bees
  A howler monkey (D:8)
  3 crimson imps
  A bullfrog zombie (D:8)
  7 hounds
  A jelly (D:7)
  A gnoll shaman (D:7)
  6 orc priests
  9 orc wizards
  An iguana (D:4)
  3 worker ants
  A hound zombie (D:8)
  A hound skeleton (D:5)
  A howler monkey zombie (D:6)
  10 gnolls
  16 adders
  A shadow imp (D:8)
  2 oozes
  3 adder skeletons
  4 worms
  A dart slug (D:3)
  6 leopard geckos
  35 orcs
  7 giant cockroaches
  9 goblins
  8 hobgoblins
  10 jackals
  7 quokkas
  2 ball pythons (D:3)
  9 bats
  7 frilled lizards
  4 kobolds
  2 quokka skeletons
  7 rats
242 creatures vanquished.

Vanquished Creatures (collateral kills)
  An orc warrior (Bailey)
1 creature vanquished.

Vanquished Creatures (others)
  4 dancing weapons (Bailey)
4 creatures vanquished.

Grand Total: 247 creatures vanquished

Notes
Turn   | Place    | Note
-------+----------+-------------------------------------------
     0 | D:1      | kae the Vampire Enchanter began the quest for the Orb.
     0 | D:1      | Reached XP level 1. HP: 13/13 MP: 3/3
   159 | D:1      | Reached XP level 2. HP: 11/19 MP: 5/5
   371 | D:1      | Learned a level 2 spell: Ensorcelled Hibernation
  1015 | D:2      | Found a burning altar of Makhleb.
  1022 | D:2      | Reached skill level 5 in Stealth
  1022 | D:2      | Reached skill level 5 in Hexes
  1022 | D:2      | Reached XP level 3. HP: 22/24 MP: 1/6
  1142 | D:2      | Reached XP level 4. HP: 24/30 MP: 0/7
  1978 | D:3      | Reached XP level 5. HP: 23/35 MP: 2/9
  2077 | D:3      | Noticed a phantom
  2083 | D:3      | Learned a level 3 spell: Confusing Touch
  2087 | D:3      | Learned a level 3 spell: Tukima's Dance
  2416 | D:3      | Found an iron altar of Okawaru.
  2785 | D:3      | Noticed a water moccasin
  2788 | D:3      | Killed a water moccasin
  2788 | D:3      | Reached XP level 6. HP: 41/41 MP: 10/10
  3078 | D:3      | Found a sacrificial altar of Ru.
  3078 | D:3      | Found a stormy altar of Qazlal.
  3177 | D:4      | You fall into a shaft and drop 1 floor!
  3177 | D:5      | Entered Level 5 of the Dungeon
  3216 | D:4      | Reached skill level 5 in Short Blades
  3280 | D:4      | Found a staircase to the Ecumenical Temple.
  3295 | D:4      | Reached XP level 7. HP: 25/46 MP: 9/12
  3304 | Temple   | Entered the Ecumenical Temple
  3454 | Temple   | Became a worshipper of Dithmenos the Shadowed
  3636 | D:4      | Gained mutation: Your body sometimes deteriorates upon
                  | taking damage. [potion of mutation]
  3636 | D:4      | Gained mutation: Your body often deteriorates upon taking
                  | damage. [potion of mutation]
  3636 | D:4      | Gained mutation: You can translocate small distances at
                  | will. [potion of mutation]
  3885 | D:4      | Found a white marble altar of Elyvilon.
  4602 | D:5      | Found Urui's Antique Armour Shop.
  4646 | D:5      | Reached * piety under Dithmenos
  4721 | D:5      | Noticed Eustachio
  4737 | D:5      | Killed Eustachio
  4737 | D:5      | Reached XP level 8. HP: 42/52 MP: 9/14
  5034 | D:6      | Learned a level 3 spell: Dazzling Flash
  5455 | D:6      | Found an opulent altar of Gozag.
  5602 | D:6      | Found a bloodstained altar of Trog.
  5718 | D:6      | Reached skill level 5 in Spellcasting
  6106 | D:7      | Noticed Pikel
  6152 | D:7      | Found a hide-covered altar of Uskayaw.
  6209 | D:7      | Noticed Menkaure
  6219 | D:7      | Reached XP level 9. HP: 40/57 MP: 9/16
  6225 | D:7      | Killed Menkaure
  6391 | D:7      | Reached ** piety under Dithmenos
  6457 | D:7      | Found a flagged portal.
  6518 | Bailey   | Entered a bailey
  6804 | Bailey   | Noticed an orc knight
  6805 | Bailey   | Noticed an orc knight
  6896 | Bailey   | Noticed an orc knight
  7075 | Bailey   | Reached skill level 10 in Stealth
  8452 | D:7      | Killed Pikel
  8452 | D:7      | Reached skill level 10 in Hexes
  9075 | D:8      | Noticed a queen bee
  9087 | D:7      | Reached skill level 10 in Short Blades
  9087 | D:7      | Reached XP level 10. HP: 47/63 MP: 11/19
  9564 | D:8      | Reached *** piety under Dithmenos
  9602 | D:8      | Noticed Joseph
  9636 | D:8      | Killed Joseph
  9736 | D:8      | Found a transporter.
  9900 | D:8      | Got a transparent iron amulet
  9912 | D:8      | HP: 1/50 [electric eel/bolt of electricity (6)]
  9913 | D:8      | Killed from afar by an electric eel

Levels and vault maps discovered:
D:1:      dpeg_arrival_tiny_a, layout_basic
D:2:      layout_loops_corners, makhleb_heckhound_becter
D:3:      layout_loops_ring, okawaru_gym_becter, gammafunk_temple_overflow_wave,
          minmay_bisected
D:4:      layout_basic, lemuel_crystal_altar, minmay_temple_entry_statues
D:5:      layout_rooms, serial_shops, shop_statue, first_ration,
          enter_ossuary_2, uniq_eustachio
D:6:      layout_loops_ring, kennysheep_mini_moat, marbit_many_paths,
          serial_rivers, chequers_serial_rivers_micro_d,
          chequers_serial_rivers_small_3, chequers_serial_rivers_small_a,
          chequers_serial_rivers_small_b, chequers_serial_rivers_small_b
D:7:      layout_layer_cave, eat_drink_and_be_merry_uskayaw, enter_bailey_1,
          uniq_menkaure, uniq_pikel
D:8:      layout_rooms, erik_lair_island, gammafunk_ghost_abyssal_escape,
          david_nohive_1, uniq_grum, uniq_joseph
Temple:   jpeg_temple_alley_garden

Skill      XL: |  1  2  3  4  5  6  7  8  9 10 |
---------------+-------------------------------+-----
Short Blades   | 2 3 4 5 6 8 10 11 | 11.0
Stealth        | 5 6 7 9 10 11 | 11.7
Hexes          | 5 6 7 8 10 11 | 11.1
Spellcasting   | 3 4 5 6 |  6.9
Dodging        | |  2.1

Action                   |  1- 3 |  4- 6 |  7- 9 | 10-12 || total
-------------------------+-------+-------+-------+-------++-------
Melee: Dagger            |    84 |   147 |   379 |   142 ||   752
       Bite              |     4 |     9 |    25 |    10 ||    48
       Spear             |       |       |   175 |       ||   175
 Cast: Corona            |     8 |    11 |     8 |     3 ||    30
       Ensorcelled Hiber |     9 |    17 |    97 |    34 ||   157
       Confusing Touch   |       |     3 |    10 |     3 ||    16
       Dazzling Flash    |       |       |    20 |       ||    20
       Tukima's Dance    |       |       |     9 |       ||     9
 Abil: Blink             |       |       |     1 |       ||     1
       Exsanguinate      |       |       |       |     1 ||     1
  Use: Scroll            |       |     4 |    11 |     1 ||    16
       Potion            |       |       |     6 |     2 ||     8
 Stab: Sleeping          |    12 |    30 |    59 |    24 ||   125
       Confused          |       |     3 |    11 |     3 ||    17
       Distracted        |       |       |       |     1 ||     1
Armor: Robe              |    19 |    34 |    79 |    81 ||   213
       Skin              |       |       |    37 |       ||    37
Dodge: Dodged            |    57 |    54 |   252 |   159 ||   522

Table legend:
 A = Non-vault XP
 B = Vault XP
 C = Vault XP percentage of total XP
 D = Non-vault monster count
 E = Vault monster count
 F = Vault count percentage of total count
                 A         B        C        D         E       F
            +---------+---------+-------+---------+---------+-------
      Total |    5102 |    3668 |  41.8 |     196 |      43 |  18.0
            +---------+---------+-------+---------+---------+-------
        D:1 |      35 |       0 |   0.0 |      20 |       0 |   0.0
        D:2 |      95 |      43 |  31.2 |      25 |       1 |   3.8
        D:3 |     415 |      12 |   2.8 |      27 |       5 |  15.6
        D:4 |     487 |       0 |   0.0 |      26 |       0 |   0.0
        D:5 |     172 |     197 |  53.4 |      16 |       1 |   5.9
        D:6 |    1126 |       0 |   0.0 |      27 |       0 |   0.0
        D:7 |    1740 |    1590 |  47.7 |      30 |      11 |  26.8
        D:8 |    1019 |    1597 |  61.0 |      24 |      12 |  33.3
     Temple |      13 |       0 |   0.0 |       1 |       0 |   0.0
     Bailey |       0 |     229 | 100.0 |       0 |      13 | 100.0
            +---------+---------+-------+---------+---------+-------
